 Dungeon Crawl Stone Soup version 0.30.0-17-ge0270778cf (webtiles) character file.

Game seed: 8225067047443251814

43476 Brutalitops the Spear-Bearer (level 13, 0/80 HPs)
             Began as a Deep Elf Brigand on May 22, 2023.
             Was a High Priest of Ashenzari.
             Slain by a centaur (1 damage)
             ... led by a centaur warrior
             ... on level 13 of the Dungeon on May 23, 2023.
             The game lasted 01:36:14 (14861 turns).

Brutalitops the Spear-Bearer (Deep Elf Brigand)    Turns: 14861, Time: 01:36:15

Health: 0/80       AC: 11    Str:  8    XL:     13   Next: 91%
Magic:  36/36      EV: 16    Int: 25    God:    Ashenzari [*****.]
Gold:   1801       SH:  0    Dex: 16    Spells: 25/29 levels left

rFire   + . .        F - +8 trishula "Condemnation" {holy, anguish, *Noise Fly rN+, Melee, Evo} (curse)
rCold   . . .        (no shield)
rNeg    + . .        U - +0 troll leather armour "Gaze Upon Infinity" {Regen+, Cun, Range} (curse)
rPois   .            V - +0 hat "Shattered Affliction" {Int+3, Range, Melee} (curse)
rElec   .            P - +2 cloak "Per Aspera Ad Scientiam" {rCorr, Self, Fort} (curse)
rCorr   +            j - +0 pair of gloves "Prophetic Seeker" {Range, Comp} (curse)
SInv    +            w - +1 pair of boots "Share My Regret" {Evo, Elem} (curse)
Will    +....        I - amulet of magic regeneration
Stlth   ++++++       q - ring of the Chained Jealousy {rF+, Elem, Melee} (curse)
HPRegen 1.13/turn    m - ring of the Ensconced Vision {MP+9, Comp, Cun} (curse)
MPRegen 0.65/turn

%: clarity
@: about to teleport, flying
A: no striking features
a: Renounce Religion, Shatter the Chains


You were on level 13 of the Dungeon.
You worshipped Ashenzari.
Ashenzari was extremely pleased with you.
You visited 3 branches of the dungeon, and saw 16 of its levels.
You also visited: Volcano.

You collected 1996 gold pieces.
You spent 195 gold pieces at shops.

Inventory:

Hand Weapons
 a - a +2 dagger of freezing
 t - a +4 scimitar of flaming
 F - the cursed +8 trishula "Condemnation" (weapon) {holy, anguish, *Noise Fly rN+, Melee, Evo}
   (You found it on level 4 of the Dungeon)

   rN:        It protects you from negative energy.
   Fly:       It grants you flight.
   *Noise:    It may make noises in combat.
   It has a curse which improves the following skills: Melee Combat: Short
   Blades, Long Blades, Axes, Maces & Flails, Polearms, Staves and Unarmed
   Combat.
   Evocations: Evocations.
 K - a +0 glaive of flaming
 Q - a +2 halberd
Missiles
 d - 9 poisoned darts (quivered)
Armour
 b - a +0 kite shield
 f - +0 fire dragon scales
 j - the cursed +0 pair of gloves "Prophetic Seeker" (worn) {Range, Comp}
   (You found it on level 1 of the Dungeon)

   It has a curse which improves the following skills: Ranged Combat: Ranged
   Weapons and Throwing.
   Companions: Summonings and Necromancy.
 k - a +1 chain mail of fire resistance
 r - a +3 ring mail of fire resistance
 w - the cursed +1 pair of boots "Share My Regret" (worn) {Evo, Elem}
   (You bought it in a shop on level 5 of the Dungeon)

   It has a curse which improves the following skills: Evocations: Evocations.
   Elements:  Fire Magic, Ice Magic, Air Magic and Earth Magic.
 L - +0 acid dragon scales
 N - a +1 robe of fire resistance
 P - the cursed +2 cloak "Per Aspera Ad Scientiam" (worn) {rCorr, Self, Fort}
   (You took it off Maurice on level 8 of the Dungeon)

   It has a curse which improves the following skills: Introspection: Fighting
   and Spellcasting.
   Fortitude: Armour and Shields.
 R - a +2 leather armour of cold resistance
 U - the cursed +0 troll leather armour "Gaze Upon Infinity" (worn) {Regen+, Cun, Range}
   (You found it on level 8 of the Dungeon)

   Regen:     It increases your rate of health regeneration.
   It has a curse which improves the following skills: Cunning: Dodging and
   Stealth.
   Ranged Combat: Ranged Weapons and Throwing.
 V - the cursed +0 hat "Shattered Affliction" (worn) {Int+3, Range, Melee}
   (You took it off Gastronok on level 9 of the Dungeon)

   It has a curse which improves the following skills: Ranged Combat: Ranged
   Weapons and Throwing.
   Melee Combat: Short Blades, Long Blades, Axes, Maces & Flails, Polearms,
   Staves and Unarmed Combat.
Jewellery
 l - a +5 ring of evasion
 m - the cursed ring of the Ensconced Vision (right hand) {MP+9, Comp, Cun}
   (You found it on level 1 of the Dungeon)

   [ring of magical power]

   MP:        It affects your magic capacity (+9).
   It has a curse which improves the following skills: Companions: Summonings
   and Necromancy.
   Cunning:   Dodging and Stealth.
 q - the cursed ring of the Chained Jealousy (left hand) {rF+, Elem, Melee}
   (You found it on level 2 of the Dungeon)

   [ring of protection from fire]

   rF:        It protects you from fire.
   It has a curse which improves the following skills: Elements: Fire Magic, Ice
   Magic, Air Magic and Earth Magic.
   Melee Combat: Short Blades, Long Blades, Axes, Maces & Flails, Polearms,
   Staves and Unarmed Combat.
 u - a ring of protection from fire
 I - an amulet of magic regeneration (around neck)
 J - a ring of fire
 S - a ring of see invisible
 T - a ring of protection from fire
 Y - a ring of magical power
Wands
 e - a wand of mindburst (6)
 v - a wand of flame (27)
 z - a wand of roots (11)
 M - a wand of light (15)
 O - a wand of charming (6)
 Z - a wand of polymorph (4)
Scrolls
 c - 6 scrolls of enchant armour
 n - 3 scrolls of amnesia
 y - 5 scrolls of teleportation
 A - 3 scrolls of blinking
 D - a scroll of fog
 E - 2 scrolls of fear
Potions
 g - 2 potions of lignification
 h - 6 potions of magic
 i - a potion of haste
 o - 3 potions of brilliance
 p - 2 potions of resistance
 s - 4 potions of invisibility
 x - 4 potions of heal wounds
 B - a potion of might
 C - 2 potions of attraction
 G - 5 potions of curing
 H - 3 potions of flight
 W - 2 potions of mutation


   Skills:
 + Level 6.6(8.8) Fighting
 - Level 4.1(7.9) Short Blades
 * Level 12.8(16.9) Polearms
 + Level 2.1(5.1) Throwing
 + Level 2.5(4.2) Armour
 + Level 6.6(9.8) Dodging
 + Level 11.7(14.9) Stealth
 + Level 6.3(8.5) Spellcasting
 * Level 10.8 Conjurations
 + Level 3.6(6.4) Air Magic
 + Level 3.5 Poison Magic
 + Level 0.2(1.0) Evocations


You had 25 spell levels left.
You knew the following spells:

 Your Spells              Type           Power      Damage    Failure   Level
a - Magic Dart            Conj           100%       1d8       1%          1
b - Mephitic Cloud        Conj/Pois/Air  45%        N/A       1%          3

Your spell library contained the following spells:

 Spells                   Type           Power      Damage    Failure   Level
 Call Imp                 Summ           24%        N/A       10%         2
 Blink                    Tloc           20%        N/A       12%         2
 Call Canine Familiar     Summ           12%        N/A       21%         3
 Inner Flame              Hex/Fire       11%        N/A       22%         3
 Portal Projectile        Hex/Tloc       20%        N/A       24%         3
 Leda's Liquefaction      Hex/Erth       5%         N/A       56%         4
 Manifold Assault         Tloc           10%        N/A       61%         4
 Lee's Rapid Deconstruct  Erth           6%         3d6*      88%         5
 Yara's Violent Unravell  Hex/Tmut       5%         3d4       91%         5
 Simulacrum               Ice/Necr       6%         N/A       100%        6
 Statue Form              Tmut/Erth      7%         N/A       100%        6
 Enfeeble                 Hex            5%         N/A       100%        7
 Ozocubu's Refrigeration  Ice            6%         4d8       100%        7
 Storm Form               Tmut/Air       13%        N/A       100%        7
 Polar Vortex             Ice            6%         N/A       100%        9


Dungeon Overview and Level Annotations

Branches:
Dungeon (13/15)            Temple (0/1) D:4            Lair (1/5) D:8
    Orc (2/2) D:9             Elf (0/3) Orc:2       Volcano (visited)
 Vaults: D:13-14

Altars:
Ashenzari
Dithmenos
Fedhas
Kikubaaqudgha
Makhleb
Xom
Yredelemnul

Shops:
D:5 *[   D:6 ?   D:8 *   D:9 =   D:10 :   Orc:1 *   Orc:2 (=*=(

Annotations:
D:11 exclusion: oklob plant


Message History

You hit the centaur.
The centaur is haunted by guilt!
The centaur is lightly wounded.
The centaur unwields a +0 shortbow.
The centaur hits you but does no damage.
The centaur completely misses you. The centaur warrior hits you.
The centaur warrior is wracked by anguish.
The centaur warrior completely misses you.
The skeletal warrior barely misses you.
You completely miss the centaur.
The centaur is lightly wounded.
The centaur warrior hits you.
The centaur warrior is wracked by anguish.
The centaur warrior barely misses you. The centaur misses you. x2
You hit the skeletal warrior but do no damage.
The centaur misses you. The centaur closely misses you.
The centaur warrior hits you.
The centaur warrior is wracked by anguish.
The centaur warrior kicks you but does no damage.
The skeletal warrior misses you.
The skeletal warrior hits you with a +0 long sword!!
As you read the scroll of teleportation, it crumbles to dust.
You feel strangely unstable. The centaur misses you. x2
The centaur warrior hits you.
The centaur warrior is wracked by anguish.
The centaur warrior kicks you.
* * * LOW HITPOINT WARNING * * *
The centaur warrior is wracked by anguish.
The skeletal warrior hits you from afar with a +0 halberd.
* * * LOW HITPOINT WARNING * * *
The skeletal warrior hits you but does no damage.
The skeletal warrior hits you from afar with a +0 glaive!!
* * * LOW HITPOINT WARNING * * *
The skeletal warrior attacks as you move away!
The skeletal warrior misses you.
The centaur warrior hits you but does no damage.
The centaur warrior kicks you but does no damage.
The centaur hits you.
* * * LOW HITPOINT WARNING * * *
The centaur is wracked by anguish.
The centaur kicks you.
You die...

, ...###.#......^....#* ,
. * *
...,*#.#.#..#####..##*,.#
, ..,,,#.#.#.## #...##..#
,, , , ,# #...#
#.......#,,, , ,, ,, ##..*
#.....##.,, ,, , , *##.##
#.#...#,, , ,,,,
,,,**#...#####.....#. , ,
,
,#.###z#cc#...........,,,,
, ,,,...zczz.@....##.###..
,, , , ....z####)......#
.. , , .## * #.....##.# ,
,,, , , * #..#.## # *, ,,,
,, , **#...#.#* , ,, ,,
*,* ........ * * , , ,,* ,
,##.#.##.#*,** ,, , ** *,*
* * #...#*.. ,, * ,, * **
* ,,, * ,


You could see 5 skeletal warriors, a centaur warrior (anguished) and 2 centaurs.

Vanquished Creatures
  Gastronok (D:9)
  Harold (Orc:1)
  2 ogre magi (Orc:2)
  A centaur warrior (D:12)
  9 two-headed ogres
  A hell hog (Volcano)
  2 skeletal warriors (D:12)
  Lodul (D:10)
  A deep troll (Orc:2)
  Pikel (D:9)
  A manticore (D:11)
  2 cyclopes (Orc:2)
  Maurice (D:8)
  A black mamba (Lair:1)
  3 cane toads (Lair:1)
  Joseph (D:9)
  A komodo dragon (D:11)
  15 trolls
  Grinder (D:4)
  5 blink frogs (Lair:1)
  3 shadows
  A wyvern (D:8)
  13 fire bats
  10 yaks
  A warg (Orc:1)
  Menkaure (D:7)
  5 acid dragons
  6 water moccasins
  A hell hound (Volcano)
  2 ice beasts
  15 orc warriors
  5 black bears
  28 ogres
  3 lemures
  3 wolves (Lair:1)
  15 centaurs
  4 phantoms
  Blork the orc (D:4)
  A scorpion (D:5)
  5 bullfrogs
  A gnoll sergeant (D:11)
  6 wights
  Dowan (D:7)
  4 lava snakes (Volcano)
  7 howler monkeys
  6 hounds
  2 gnoll boudas
  16 orc priests
  A jelly (D:7)
  Natasha (thrice) (D:4)
  4 iguanas
  A sleepcap (D:4)
  13 orc wizards
  10 gnolls
  12 adders
  A white imp (D:5)
  3 ufetubi
  3 worms
  4 dart slugs
  74 orcs
  9 ball pythons
  8 endoplasms
  2 giant cockroaches
  9 goblins
  7 hobgoblins
  2 jackals (D:1)
  6 quokkas
  3 bats
  2 frilled lizards (D:1)
  6 kobolds
  4 rats
  A spectral orc (D:10)
405 creatures vanquished.

Vanquished Creatures (others)
  An orc warlord (Orc:2)
  A fire dragon (Volcano)
  A centaur warrior (D:13)
  Erica (D:8)
  2 two-headed ogres
  A deep troll (Orc:2)
  A skeletal warrior (D:12)
  An ice statue (D:9)
  A black mamba (Lair:1)
  2 cane toads (Lair:1)
  Maggie (D:6)
  A rime drake (Lair:1)
  4 trolls
  A hornet (D:9)
  4 yaks
  2 fire bats (Volcano)
  A steam dragon (Volcano)
  A hell hound (Volcano)
  A water moccasin (D:6)
  Duvessa (D:7)
  3 orc warriors
  3 ogres
  A wolf (Lair:1)
  4 centaurs (D:12)
  A lemure (D:9)
  2 orc priests
  A hound (D:7)
  An orc wizard (D:9)
  An orc (D:6)
46 creatures vanquished.

Grand Total: 451 creatures vanquished

Notes
Turn   | Place    | Note
-------+----------+-------------------------------------------
     0 | D:1      | Brutalitops the Deep Elf Brigand began the quest for the
                  | Orb.
     0 | D:1      | Reached XP level 1. HP: 12/12 MP: 3/3
    62 | D:1      | Reached skill level 5 in Stealth
    72 | D:1      | Reached XP level 2. HP: 17/17 MP: 4/4
   521 | D:1      | Reached XP level 3. HP: 21/21 MP: 5/5
   556 | D:1      | Learned a level 1 spell: Magic Dart
  2100 | D:3      | Found an ancient bone altar of Kikubaaqudgha.
  2136 | D:3      | Reached XP level 4. HP: 26/26 MP: 6/6
  2412 | D:3      | Found a shadowy altar of Dithmenos.
  2697 | D:3      | Found a shimmering altar of Xom.
  3337 | D:4      | Reached skill level 1 in Spellcasting
  3337 | D:4      | Reached skill level 1 in Conjurations
  3337 | D:4      | Reached XP level 5. HP: 30/30 MP: 8/8
  3484 | D:4      | Noticed a black bear
  3490 | D:4      | Noticed Natasha
  3495 | D:4      | Killed Natasha
  3506 | D:4      | Noticed a black bear
  3509 | D:4      | Killed a black bear
  3510 | D:4      | Reached XP level 6. HP: 36/36 MP: 11/11
  3516 | D:4      | Learned a level 3 spell: Mephitic Cloud
  3730 | D:4      | Noticed Blork the orc
  3732 | D:4      | Killed Blork the orc
  3821 | D:4      | Reached XP level 7. HP: 10/40 MP: 10/13
  4014 | D:4      | Noticed Natasha
  4026 | D:4      | Killed Natasha
  4093 | D:4      | Noticed Grinder
  4231 | D:4      | Found the +8 trishula "Condemnation" {holy, anguish, *Noise
                  | Fly rN+}
  4245 | D:4      | Found a staircase to the Ecumenical Temple.
  4351 | D:4      | Paralysed by Grinder for 3 turns
  4355 | D:4      | Killed Grinder
  4356 | D:4      | Reached skill level 1 in Polearms
  4356 | D:4      | Reached skill level 1 in Poison Magic
  4440 | D:4      | Reached XP level 8. HP: 45/45 MP: 15/15
  4483 | D:4      | Noticed Natasha
  4491 | D:4      | Killed Natasha
  4610 | D:5      | Entered Level 5 of the Dungeon
  4616 | D:5      | Found Womumaef's General Store.
  4625 | D:5      | Reached skill level 2 in Polearms
  4888 | D:5      | Reached skill level 3 in Polearms
  4888 | D:5      | Reached skill level 5 in Conjurations
  5104 | D:5      | Found Xifim's Antique Armour Boutique.
  5164 | D:5      | Bought a pair of runed boots for 195 gold pieces
  5385 | D:6      | Found Bachui's Magic Scroll Boutique.
  5433 | D:6      | Reached skill level 4 in Polearms
  5433 | D:6      | Reached XP level 9. HP: 52/52 MP: 17/17
  5819 | D:6      | Noticed Maggie
  5828 | D:6      | Killed Maggie
  6165 | D:6      | Reached skill level 5 in Polearms
  6418 | D:6      | Reached skill level 1 in Air Magic
  6529 | D:7      | Noticed Duvessa
  6529 | D:7      | Noticed Dowan
  6547 | D:7      | Killed Duvessa
  6551 | D:7      | Killed Dowan
  6954 | D:7      | Reached skill level 6 in Polearms
  7084 | D:7      | Noticed Menkaure
  7086 | D:7      | Killed Menkaure
  7422 | D:8      | Found Arubeisir's General Store.
  7447 | D:8      | Found a burning altar of Makhleb.
  7448 | D:8      | Found a broken altar of Ashenzari.
  7465 | D:8      | Reached XP level 10. HP: 33/58 MP: 18/18
  7642 | D:8      | Noticed Maurice
  7653 | D:8      | Killed Maurice
  7687 | D:8      | Noticed Erica
  7694 | D:8      | Killed Erica
  7701 | D:8      | Reached skill level 7 in Polearms
  7935 | D:8      | Found a staircase to the Lair.
  8491 | D:8      | Became a worshipper of Ashenzari the Shackled
  8525 | D:9      | Noticed Pikel
  8572 | D:9      | Found Eneaha's One-of-a-Kind Rings.
  8624 | D:9      | Found a transporter.
  8661 | D:9      | Found a staircase to the Orcish Mines.
  8668 | D:9      | Noticed an ice statue
  8736 | D:9      | Noticed Joseph
  8751 | D:9      | Killed Joseph
  8752 | D:9      | Reached skill level 5 in Fighting
  8812 | D:9      | Reached skill level 5 in Dodging
  8828 | D:9      | Noticed Gastronok
  8842 | D:9      | Killed Gastronok
  8843 | D:9      | Reached skill level 8 in Polearms
  8976 | D:9      | Reached XP level 11. HP: 54/63 MP: 20/20
  9006 | D:9      | Reached skill level 1 in Armour
  9096 | D:9      | Killed Pikel
  9483 | Orc:1    | Entered Level 1 of the Orcish Mines
  9484 | Orc:1    | Found Paxousch's Overcharged Wands.
  9599 | Lair:1   | Entered Level 1 of the Lair of Beasts
  9677 | Lair:1   | Reached * piety under Ashenzari
  9721 | Lair:1   | Found a dark tunnel.
  9725 | Lair:1   | Reached skill level 9 in Polearms
  9734 | Volcano  | Entered a volcano
  9932 | Volcano  | Noticed a hell hog
  9943 | Volcano  | Noticed a fire dragon
  9947 | Volcano  | Killed a hell hog
  9978 | Volcano  | Killed a fire dragon
 10033 | Volcano  | Found a bloodstained altar of Trog.
 10096 | Volcano  | Found a bloodstained altar of Trog.
 10270 | Lair:1   | Reached skill level 10 in Polearms
 10334 | Lair:1   | Reached XP level 12. HP: 50/68 MP: 21/21
 11021 | Orc:1    | Reached ** piety under Ashenzari
 11284 | Orc:1    | Found Amutemogyo's Alliterative Accessories.
 11421 | Orc:1    | Reached skill level 10 in Stealth
 11614 | Orc:2    | Entered Level 2 of the Orcish Mines
 11614 | Orc:2    | Found a staircase to the Elven Halls.
 11615 | Orc:2    | Found Romotata's Antique Weapon Boutique.
 11621 | Orc:1    | Noticed Harold
 11632 | Orc:1    | Killed Harold
 11935 | Orc:2    | Noticed a two-headed ogre
 11940 | Orc:2    | Killed a two-headed ogre
 11941 | Orc:2    | Reached skill level 11 in Polearms
 11941 | Orc:2    | Noticed a two-headed ogre
 11953 | Orc:2    | Killed a two-headed ogre
 11954 | Orc:2    | Reached skill level 5 in Spellcasting
 11973 | Orc:2    | Noticed a two-headed ogre
 11975 | Orc:2    | Noticed an ogre mage
 11978 | Orc:2    | Noticed a two-headed ogre
 11987 | Orc:2    | Killed a two-headed ogre
 11989 | Orc:2    | Noticed a two-headed ogre
 11990 | Orc:2    | Noticed a two-headed ogre
 11993 | Orc:2    | Noticed a two-headed ogre
 11995 | Orc:2    | Killed an ogre mage
 11996 | Orc:2    | Killed a two-headed ogre
 11998 | Orc:2    | Noticed a two-headed ogre
 12000 | Orc:2    | Killed a two-headed ogre
 12000 | Orc:2    | Killed a two-headed ogre
 12002 | Orc:2    | Killed a two-headed ogre
 12003 | Orc:2    | Reached skill level 10 in Conjurations
 12003 | Orc:2    | Reached XP level 13. HP: 73/76 MP: 14/25
 12061 | Orc:2    | Found Alieq's General Store.
 12062 | Orc:2    | Found Cetiz's Weapon Emporium.
 12067 | Orc:2    | Found Qeriext's Jewellery Shop.
 12076 | Orc:2    | Found Saohid's Jewellery Shoppe.
 12240 | Orc:2    | Reached *** piety under Ashenzari
 12324 | Orc:2    | Noticed an orc warlord
 12339 | Orc:2    | Killed an orc warlord
 12340 | Orc:2    | Reached skill level 12 in Polearms
 12734 | D:10     | Entered Level 10 of the Dungeon
 12744 | D:10     | Noticed Lodul
 12762 | D:10     | Killed Lodul
 12859 | D:10     | Found Zimeh's Book Shop.
 13092 | D:10     | Reached **** piety under Ashenzari
 13121 | D:10     | Found a basalt altar of Yredelemnul.
 13773 | D:11     | Found a blossoming altar of Fedhas.
 14730 | D:12     | Reached ***** piety under Ashenzari
 14860 | D:13     | HP: 1/80 [skeletal warrior/+0 glaive (18)]
 14861 | D:13     | Slain by a centaur

Illustrated notes

Levels and vault maps discovered:
D:1:      dpeg_arrival_simpleton_b, layout_loops_ring, minmay_heptomino_h4
D:2:      layout_loops_corners, grunt_decor_clamped, minmay_split_cup_small
D:3:      layout_loops_corners, nicolae_dithmenos_the_darkroom, led_xom_imps,
          mainiacjoe_overflow_surrounded_room, minmay_misc_feat_roman
D:4:      layout_loops_ring, minmay_temple_entry_ruins, minmay_vboxes,
          uniq_natasha, uniq_grinder, uniq_blork_the_orc
D:5:      layout_rooms, serial_shops, nicolae_shop_statue_plus,
          nicolae_shop_tiny_glass
D:6:      layout_loops_corners, serial_shops, shop, minmay_misc_feat_pillars,
          uniq_maggie
D:7:      layout_basic, uniq_duvessa, uniq_menkaure
D:8:      layout_basic, grunt_temple_overflow_open, lair_entry_dummy,
          serial_shops, kennysheep_mini_moat, serial_corexii_hall,
          corexii_hall_statues_s, corexii_hall_statues_x, uniq_maurice,
          uniq_erica
D:9:      layout_cave_pools, orc_0_dummy, minivault_16, nicolae_benzene_ring,
          nicolae_shop_unique_rings, nicolae_diode_basic, uniq_pikel,
          uniq_joseph, uniq_gastronok
D:10:     layout_rooms, yredelemnul_forgotten_temple_becter, serial_shops, shop,
          uniq_lodul
D:11:     layout_loops_ring, tgw_fedhas
D:12:     layout_rooms, fountainhead
D:13:     layout_rooms, david_vaults_2, uniq_kirke
Lair:1:   layout_roguey, nicolae_volcano_entry_batcave, grunt_megastairs_4
Orc:1:    layout_diamond_mine, basic_altar, nicolae_alphabet_shops,
          nicolae_shop_overcharged_wands, uniq_harold
Orc:2:    st_orc_open, layout_caves, serial_shops,
          nicolae_shop_tiny_statue_garden, basic_altar, minmay_orc_barracks

Skill      XL: |  1  2  3  4  5  6  7  8  9 10 11 12 13 |
---------------+----------------------------------------+-----
Stealth        | 5 6 7 8 9 10 11 | 11.7
Fighting       | 2 3 4 5 6 |  6.6
Dodging        | 2 3 4 5 6 |  6.6
Short Blades   | 3 4 |  4.1
Spellcasting   | 1 2 3 4 5 6 |  6.3
Conjurations   | 1 2 3 4 5 6 7 8 10 | 10.8
Polearms       | 1 4 6 8 10 11 12 | 12.8
Poison Magic   | 1 2 3 |  3.5
Air Magic      | 1 2 3 |  3.6
Armour         | 2 |  2.5
Throwing       | |  2.1
Evocations     | |  0.2

Action                     |  1- 3 |  4- 6 |  7- 9 | 10-12 | 13-15 || total
---------------------------+-------+-------+-------+-------+-------++-------
  Melee: Dagger            |   155 |   169 |    48 |       |       ||   372
         Punch             |     2 |     2 |     4 |     9 |     5 ||    22
         Trishula          |       |       |   211 |   486 |   300 ||   997
   Cast: Magic Dart        |    23 |    53 |    49 |    44 |    25 ||   194
         Mephitic Cloud    |       |     4 |    11 |    37 |    27 ||    79
 Invoke: Curse Item        |       |       |       |     4 |     4 ||     8
  Evoke: Wand              |       |       |     2 |       |       ||     2
    Use: Scroll            |     3 |     3 |     8 |     3 |     1 ||    18
         Potion            |       |       |     3 |     5 |     1 ||     9
   Stab: Sleeping          |    11 |    12 |    26 |    10 |    20 ||    79
         Confused          |       |     3 |     4 |    35 |    16 ||    58
         Distracted        |       |       |       |       |     2 ||     2
 Armour: Robe              |    27 |    21 |    43 |     5 |       ||    96
         Skin              |       |       |    11 |       |       ||    11
         Troll leather arm |       |       |       |    88 |    91 ||   179
         Leather armour    |       |       |       |     5 |       ||     5
  Dodge: Dodged            |   110 |   112 |   170 |   211 |   183 ||   786
